[Event "*** Titled Tuesday Blitz"]
[Site "Chess.com"]
[Date "2021.02.02"]
[Round "5"]
[White "Ajedrez_con_German"]
[Black "ChessFighter1975"]
[Result "1-0"]
[WhiteElo "2621"]
[BlackElo "2422"]
[TimeControl "180+1"]
[EndTime "11:00:24 PST"]
[Termination "Ajedrez_con_German won by checkmate"]

1. d4 d6 2. Nf3 Nf6 3. Bf4 g6 4. e3 Bg7 5. h3 O-O 6. Be2 b6 7.
Bh2 Bb7 8. O-O Nbd7 9. c4 c5 10.
Nc3 a6 11. Rc1 Re8 12. Qd2 Ne4 13. Nxe4 Bxe4 14. Rfd1 Bb7 15. Ne1 h6 16. Bf3 Bxf3 17. Nxf3 Qc7 18. Re1 Qb7 19. d5 b5 20. b3 a5 21. e4 a4 22. e5 dxe5 23. Nxe5 Nxe5 24. Bxe5 Bxe5 25. Rxe5 axb3 26. axb3 bxc4 27. bxc4 Qb4 28. Qxh6 Ra6 29. Rh5 gxh5 30. Qxa6 Qd2 31. Ra1 Qd4 32.
Re1 Rb8 33. Rf1 Rb4 34. Qc8+ Kg7 35. Qf5 h4 36. Qg5+ Kf8 37. Re1 f6 38. Qh6+ Ke8 39.
Qh7 Rb7 40. Qg8+ Kd7 41. Qe6+ Kd8 42. Qg8+ Kd7 43. Qh7 Kd8 44. d6 Qxd6 45. Qxh4 Rd7 46.
Qh8+ Kc7 47. Rb1 Qa6 48. Qb8+ Kc6 49. Qb3 Rd4 50. Rc1 Kd6 51. Qg3+ Kd7 52. Qc3 Qd6 53. Qc2 Rd2 54. Qe4 Qd4 55. Qxd4+ Rxd4 56. f3 Kd6 57. Kf2 e5 58. Ke3 e4 59. fxe4 Ke5 60. Kf3 Rxe4 61. Rc2 Rf4+ 62. Kg3 Rd4 63. h4 f5 64. Kf3 Kf6 65. g3 Rxh4 66. gxh4 f4 67. Kxf4 Ke6 68. Ke4 Kd6 69. h5 Kc6 70. h6 Kd6 71. h7 Kd7 72. h8=Q Kc6 73. Qf6+ Kb7 74. Rh2 Kc8 75. Rh7 Kb8 76. Qh8# 1-0

[Event "*** Titled Tuesday Blitz"]
[Site "Chess.com"]
[Date "2021.02.02"]
[Round "5"]
[White "GMJustin"]
[Black "dosto07"]
[Result "1-0"]
[WhiteElo "2316"]
[BlackElo "2417"]
[TimeControl "180+1"]
[EndTime "11:00:25 PST"]
[Termination "GMJustin won on time"]

1. e4 e5 2. Nf3 Nc6 3. Be2 Nf6 4.
d3 Bc5 5. O-O O-O 6. Nxe5 Nxe5 7. d4 Bb6 8. dxe5 Nxe4 9. Qd5 Nc5 10. Nc3 d6 11. exd6 Be6 12. Qd1 Qxd6 13. Qxd6 cxd6 14. Bf3 Rab8 15. Bf4 Rfd8 16. Rad1 Bf5 17. Bxd6 Rbc8 18. Nd5 Kh8 19. Nxb6 axb6 20. Bxc5 bxc5 21. Bxb7 Rb8 22. Rxd8+ Rxd8 23. c3 Rd2 24. Re1 g5 25. b4 c4 26. Ba6 Bd3 27. h3 Rxa2 28. b5 Kg7 29. Re8 Ra3 30. b6 Rxa6 31. b7 Ra1+ 32. Kh2 Rb1 33.
b8=Q Rxb8 34. Rxb8 h5 35. Kg3 Kf6 36. h4 g4 37. Rb5 Kg6 38. Kf4 Bf1 39. Rb6+ f6 40. g3 Bd3 41. Rc6 Bf1 42. Rc5 Bd3 43. f3 gxf3 44. Kxf3 Bf1 45. Kf4 Bd3 46. Rc6 Bf1 47.
g4 hxg4 48. Kxg4 Be2+ 49. Kf4 Kf7 50. Ke3 Bd3 51. h5 Kg7 52. Kd4 Kh6 53. Rxf6+ Kxh5 54. Rc6 Kg5 55. Rxc4 Bf1 56. Rc8 Kf6 57. Kd5 Ke7 58. Kc6 Bg2+ 59. Kb6 Kd7 60. Rc7+ Kd6 61. c4 Be4 62. c5+ Ke6 63. c6 Kd6 64. Rd7+ Ke6 65. Rd2 Ke7 66. Re2 1-0

[Event "*** Titled Tuesday Blitz"]
[Site "Chess.com"]
[Date "2021.02.02"]
[Round "5"]
[White "onnoelgersma"]
[Black "Forantes"]
[Result "0-1"]
[WhiteElo "2471"]
[BlackElo "2294"]
[TimeControl "180+1"]
[EndTime "11:00:29 PST"]
[Termination "Forantes won by resignation"]

1. e4 c5 2. Nf3 Nc6 3. Bb5 a6 4.
Bxc6 dxc6 5. O-O Qc7 6. d3 e5 7.
Nc3 Bd6 8. a4 a5 9. Nd2 Ne7 10.
Nc4 Ng6 11. Ne3 Be6 12. Nf5 O-O 13. h4 f6 14. h5 Nf4 15. Bxf4 exf4 16. Qg4 Kh8 17.
Qh4 Be5 18. Rab1 Rad8 19. h6 g6 20. Ng7 Bg8 21. g3 fxg3 22. f4 Bd4+ 23. Kg2 c4 24. Qxg3 cxd3 25. cxd3 Bb3 26. Rbc1 Qf7 27. Ne2 Bxb2 28.
Rb1 Bd4 29. Nxd4 Rxd4 30. f5 g5 31. e5 Qd5+ 32. Kg1 Rxd3 33. Qf2 Qxe5 34. Rfe1 Rg3+ 35. Kh2 Re3+ 36. Kg1 Rxe1+ 37. Qxe1 Qf4 38. Qf2 Qg4+ 39. Kh2 Bd5 40. Rxb7 Qe4 41. Rb1 Qe5+ 42. Qg3 Qd4 43. Rf1 Qd2+ 44. Rf2 Qb4 45. Ne6 Bxe6 46. fxe6 Qe7 47.
Qe3 Kg8 48. Re2 f5 49. Qe5 Rf6 50. Qb8+ Rf8 51. Qe5 Rf6 52. Kg2 Kf8 53. Qb8+ Qe8 54. Qd6+ Qe7 55. Qxc6 Rxh6 56. Qc8+ Kg7 57. Qd7 Kf6 58.
Qd4+ Kg6 59. Qe5 Rh4 60. Rf2 Rg4+ 61. Kh3 Rh4+ 62. Kg3 Qa3+ 63. Rf3 f4+ 64. Kg2 Qa2+ 65. Rf2 Rg4+ 66. Kf3 Rg3+ 67. Ke4 Re3+ 68. Kd4 Rxe5 69. Kxe5 Qxf2 70. e7 Qe3+ 71. Kd6 Qxe7+ 0-1

[Event "*** Titled Tuesday Blitz"]
[Site "Chess.com"]
[Date "2021.02.02"]
[Round "5"]
[White "elchiricr"]
[Black "Orest_Vovk"]
[Result "1-0"]
[WhiteElo "2341"]
[BlackElo "2456"]
[TimeControl "180+1"]
[EndTime "11:00:29 PST"]
[Termination "elchiricr won by resignation"]

1. d4 e5 2. dxe5 Nc6 3. Nf3 Qe7 4. Bf4 Qb4+ 5. Bd2 Qxb2 6. Nc3 Bb4 7. Rb1 Qxc3 8.
Bxc3 Bxc3+ 9. Nd2 Nxe5 10. e3 Nf6 11. Bd3 d5 12. O-O O-O 13. h3 c6 14. Nb3 b5 15.
Nd4 Bd7 16. f4 Nc4 17. Bxc4 bxc4 18. Qc1 Ne4 19. Qa3 c5 20. Nb5 Bb4 21. Qa6 Bxb5 22.
Qxb5 Nc3 23. Qc6 Nxb1 24. Rxb1 Bd2 25. Qxd5 Bxe3+ 26. Kh1 c3 27. Qd3 Bd4 28. Rb7 a5 29. a4 Rae8 30. Kh2 Re3 31. Qf5 g6 32. Qd5 Re2 33.
Qb3 Rd2 34. Rb8 Rxb8 35. Qxb8+ Kg7 36. Qb3 h5 37. Kg3 Bf6 38. Kf3 Bd4 39. g4 h4 40. g5 Rh2 41. Kg4 Rg2+ 42. Kf3 Rg3+ 43. Ke4 Rxh3 44. Qb5 Re3+ 45. Kd5 h3 46. Kc4 h2 47. Qc6 Re1 48. f5 gxf5 49. Qh6+ Kg8 50. Qxh2 Kf8 51. Qd6+ Kg8 52. g6 Re8 53. gxf7+ Kxf7 54. Qd7+ Re7 55. Qxf5+ Ke8 56. Qc8+ Kf7 57. Qa6 Re2 58.
Qxa5 Rxc2 59. Qc7+ Ke6 60. Qc6+ Ke5 61. Qd5+ Kf4 62. Qd6+ Ke3 63. Qh6+ Ke2 64. a5 Rb2 65. a6 c2 66. Qc1 Ra2 67. Kb5 Be3 68. Qh1 c1=Q 69.
Qh2+ Bf2 70. Qh5+ Ke3 71. Qh6+ Ke2 72. Qxc1 Rd2 73. a7 c4 74. Qxc4+ Rd3 75. a8=Q Kd2 76.
Qae4 1-0

[Event "*** Titled Tuesday Blitz"]
[Site "Chess.com"]
[Date "2021.02.02"]
[Round "5"]
[White "muchojogo"]
[Black "GadimbayliA"]
[Result "0-1"]
[WhiteElo "2465"]
[BlackElo "2874"]
[TimeControl "180+1"]
[EndTime "11:00:30 PST"]
[Termination "GadimbayliA won by checkmate"]

1. e4 e5 2. Nf3 d5 3. Nxe5 Bd6 4.
d4 dxe4 5. Nc3 Bxe5 6. dxe5 Qxd1+ 7. Nxd1 Nc6 8. Bb5 Bd7 9. Bf4 O-O-O 10. Nc3 Nge7 11.
O-O-O Ng6 12. Bg5 Rde8 13. Nxe4 Rxe5 14. Bd3 Nb4 15. Kb1 Bc6 16. f4 Rxe4 17. Bxe4 Bxe4 18. Rd4 Bxc2+ 19. Kc1 c5 20. Rxb4 cxb4 21. Kxc2 h6 22. f5 hxg5 23. fxg6 f6 24. Kb3 Rh4 25. g3 Rh6 26.
Re1 Kd7 27. Re2 Rxg6 28. Kxb4 Rh6 29. Kc5 g4 30. Rd2+ Kc7 31. Kd5 Kd7 32. Kc5+ Ke7 33.
Re2+ Kf7 34. Kd6 f5+ 35. Kd7 Rb6 36. b3 g5 37. Kc8 f4 38. gxf4 gxf4 39. Rf2 Rf6 40.
Kxb7 a6 41. b4 Kg6 42. a4 Kg5 43. b5 axb5 44. axb5 f3 45. b6 Kf4 46. Kc7 Ke3 47. Ra2 f2 48. Ra3+ Ke4 49. Ra4+ Kd5 50. Ra5+ Kc4 51.
b7 Rf7+ 52. Kd6 Rxb7 53. Rf5 Rb6+ 54. Ke7 Rb2 55. Kf6 Kd3 56. Kg5 Ke2 57. Kxg4 Rb4+ 58. Kg5 Rb5 59. Rxb5 f1=Q 60. Re5+ Kd3 61. h4 Kd4 62.
Rf5 Qg2+ 63. Kh5 Ke4 64. Rg5 Qh3 65. Kg6 Qxh4 66. Rc5 Qe7 67. Rg5 Qe6+ 68. Kh5 Kf4 69. Rg6 Qh3# 0-1

[Event "*** Titled Tuesday Blitz"]
[Site "Chess.com"]
[Date "2021.02.02"]
[Round "5"]
[White "Sergienko_Sergey"]
[Black "PetrolulSah"]
[Result "1-0"]
[WhiteElo "2392"]
[BlackElo "2197"]
[TimeControl "180+1"]
[EndTime "11:00:35 PST"]
[Termination "Sergienko_Sergey won on time"]

1. e4 e5 2. Nf3 Nc6 3. Bc4 Bc5 4. c3 Nf6 5. d3 O-O 6. O-O d5 7. exd5 Nxd5 8. Re1 Nb6 9. Bb5 f6 10. d4 exd4 11.
Bxc6 bxc6 12. cxd4 Bb4 13. Bd2 Nd5 14. Bxb4 Nxb4 15.
Qb3+ Nd5 16. Nc3 Bg4 17. Ne4 Rb8 18. Qa3 Bxf3 19. Qxf3 Rxb2 20. Qa3 Qb8 21. Nc5 Qb4 22. Qxb4 Rxb4 23. Rad1 Rfb8 24. Na6 R4b6 25. Nxb8 Rxb8 26. Rb1 Rd8 27. Rb7 a5 28. g3 a4 29. Rc1 a3 30.
Ra7 Nb4 31. Rxa3 Rxd4 32. Ra8+ Kf7 33. a3 Nd5 34. Rxc6 Rd2 35. a4 g5 36. a5 g4 37.
a6 Rd1+ 38. Kg2 Rd2 39. Kf1 Ra2 40. Ke1 h5 41. a7 Kg7 42. Rd8 Nb6 43. Rxc7+ Kg6 44.
Rb8 Nd5 45. Rg8+ Kf5 46. Rc5 Ra1+ 47. Kd2 Ra2+ 48. Kd3 Rxa7 49. Rxd5+ Ke6 50. Rxh5 Ra2 51. Rxg4 Rxf2 52. Re4+ Kf7 53. Rf4 Ra2 54. Rh6 Ra3+ 55. Kc4 Kg7 56. Rhxf6 Ra2 57. Rf7+ Kg6 58. h4 Ra4+ 59. Kd5 Ra3 60. Kc6 Rxg3 61. R7f6+ Kg7 62. R6f5 Rc3+ 63. Kd5 Ra3 64. Rg4+ Kh6 65. Rg1 Ra5+ 66. Ke4 Ra4+ 67. Ke5 Rxh4 68. Rf4 Rh2 69. Rf3 Kh7 70. Kf4 Rh4+ 71. Kg3 Rh6 72. Kf2 1-0

[Event "*** Titled Tuesday Blitz"]
[Site "Chess.com"]
[Date "2021.02.02"]
[Round "5"]
[White "Mambastik-Fantastic"]
[Black "MasterLeif"]
[Result "1-0"]
[WhiteElo "2274"]
[BlackElo "2424"]
[TimeControl "180+1"]
[EndTime "11:00:36 PST"]
[Termination "Mambastik-Fantastic won by resignation"]

1. e4 c6 2. Ne2 Nf6 3. e5 Nd5 4. d4 d6 5. Ng3 g6 6. exd6 Bg7 7.
dxe7 Qxe7+ 8. Be2 h5 9. h4 Bg4 10. c4 Nb4 11. a3 N4a6 12. Bg5 f6 13. Be3 Bxe2 14. Nxe2 Nd7 15. Nbc3 O-O 16. O-O Rad8 17. Nf4 Qf7 18. Qc2 f5 19. b3 Nf6 20. f3 Rfe8 21. Bf2 Bh6 22. Nd3 Nc7 23. Ne5 Qg7 24. Rfe1 Ne6 25. Rad1 Nf4 26. b4 g5 27. hxg5 Qxg5 28. Be3 Kh7 29. Nf7 Qg6 30. Nxh6 Qxh6 31. Qd2 Rxe3 32. Rxe3 Rg8 33. Re7+ Kh8 34. Re2 Qg5 35.
Kf1 h4 36. Rf2 h3 37. g4 fxg4 38. fxg4 Nxg4 39. Qxf4 Ne3+ 40. Ke2 Qxf4 41. Rxf4 Nxd1 42. Nxd1 Rg2+ 43. Kf3 h2 44. Rh4+ Kg7 45. Nf2 Rg1 46. Rg4+ Kf7 47. Rh4 Rb1 48. Rxh2 Rb3+ 49. Ke4 Rxa3 50.
Rh7+ Ke6 51. Rxb7 Rb3 52. d5+ cxd5+ 53. cxd5+ Kd6 54. Rxa7 Rxb4+ 55. Ke3 Kxd5 56. Ra5+ Kc6 57. Nd3 Rh4 58. Rc5+ Kb6 59. Rg5 Rh3+ 60. Kd4 Rh4+ 61. Kc3 Rh3 62. Rg6+ Kb5 63. Rg5+ Kc6 64. Kc4 Rh4+ 65.
Kc3 Rh3 66. Re5 Kd6 67. Ra5 Rg3 68. Ra6+ Kd5 69. Kd2 Kd4 70. Rd6+ Ke4 71. Re6+ Kd5 72. Re8 Kd6 73. Kc3 Kd7 74. Ra8 Rh3 75. Kc4 Rh4+ 76.
Kd5 Kc7 77. Ne5 Kb7 78. Ra1 Rh1 79. Rxh1 1-0

[Event "*** Titled Tuesday Blitz"]
[Site "Chess.com"]
[Date "2021.02.02"]
[Round "5"]
[White "MrChampion_Coach"]
[Black "paulrusan"]
[Result "0-1"]
[WhiteElo "2415"]
[BlackElo "2264"]
[TimeControl "180+1"]
[EndTime "11:00:36 PST"]
[Termination "paulrusan won by checkmate"]

1. d4 Nf6 2. c4 g6 3. Nc3 Bg7 4. e4 d6 5. Be2 O-O 6. Bg5 Nbd7 7.
Qd2 c5 8. d5 b5 9. cxb5 a6 10.
Nf3 Qa5 11. b6 Nxb6 12. O-O Bg4 13. Rfc1 Rab8 14. b3 c4 15. Nd4 Bxe2 16. Ndxe2 Rfc8 17. h3 cxb3 18. axb3 Qb4 19. Be3 Nxe4 20. Nxe4 Qxe4 21.
Rxc8+ Rxc8 22. Rd1 Rc2 23. Qe1 Nxd5 24. Ng3 Qe6 25.
Rd3 h5 26. Qd1 Nxe3 27. Rxe3 Qc8 28. Re1 h4 29. Ne4 Qc6 30. Qf3 f5 31. Ng5 Qxf3 32. gxf3 Bf6 33. Ne6 Kf7 34. f4 Rb2 35. Re3 a5 36.
Kg2 Ke8 37. Kf3 Kd7 38. Nf8+ Kc6 39. Nxg6 e5 40. fxe5 dxe5 41. Nxe5+ Bxe5 42. Rxe5 Rxb3+ 43. Ke2 Kb6 44. Rxf5 Rxh3 45. Rh5 a4 46. Kd2 a3 47. Kc2 Kc6 48. Kb1 Kd6 49. Ka2 Ke6 50. f4 Kf6 51. f5 Kg7 52. Rg5+ Kh6 53. Rg6+ Kh5 54.
Rg8 Rf3 55. f6 Rxf6 56. Kxa3 h3 57. Kb3 h2 58. Rh8+ Rh6 59. Rxh6+ Kxh6 60. Kc4 h1=Q 61. Kd3 Qe1 62. Kc4 Kg5 63. Kb5 Kf5 64. Kc6 Ke6 65.
Kc7 Ke5 66. Kc6 Ke6 67. Kc7 Qc1+ 68. Kb7 Qb2+ 69. Kc8 Qc3+ 70. Kb7 Qb4+ 71. Kc6 Qc4+ 72. Kb6 Qd5 73. Ka6 Qb3 74. Ka7 Kd6 75. Ka6 Kc6 76.
Ka5 Qb5# 0-1

[Event "*** Titled Tuesday Blitz"]
[Site "Chess.com"]
[Date "2021.02.02"]
[Round "5"]
[White "Spalir"]
[Black "Oleksandr_Bortnyk"]
[Result "1/2-1/2"]
[WhiteElo "2634"]
[BlackElo "2900"]
[TimeControl "180+1"]
[EndTime "11:00:41 PST"]
[Termination "Game drawn by repetition"]

1. e4 Nf6 2. e5 Nd5 3. d4 d6 4.
Nf3 dxe5 5. Nxe5 c6 6. Be2 Bf5 7. O-O Nd7 8. Nf3 e6 9. c4 N5f6 10. Nc3 Bd6 11. Nh4 Bg6 12. Re1 Ne4 13. Nxg6 Bxh2+ 14. Kf1 Nxc3 15. bxc3 hxg6 16. Bf3 Bd6 17. Rb1 Qc7 18.
c5 Be7 19. g3 g5 20. Kg2 b6 21. Qa4 Rc8 22. cxb6 axb6 23. c4 O-O 24. Qc2 Bf6 25. Be3 g6 26. Rh1 Kg7 27. Qd2 Rh8 28. Bxg5 Bxg5 29. Qxg5 Qd6 30. Qe3 c5 31. dxc5 Qxc5 32.
Qc3+ e5 33. Rxh8 Rxh8 34. Qb4 Rc8 35. Qxc5 Rxc5 36. Bd5 f5 37. Be6 Nf8 38. Bd5 Nd7 39. Be6 Nf8 40. Bd5 Ra5 41. Rxb6 Rxa2 42. Rb7+ Kh6 43.
Rf7 Nh7 44. c5 Ra5 45. Rc7 Nf6 46.
Bf7 Ne4 47. Bd5 Rxc5 48. Rxc5 Nxc5 49. Kf3 Kg5 50. Bc6 Kf6 51. Ba8 g5 52. Kg2 Ne6 53. Bd5 Nd4 54. Ba8 Ke7 55. Bb7 Kd6 56. Ba8 Kc5 57.
Kf1 Kb4 58. Ke1 Kc3 59. Bb7 e4 60. Bc8 Kc2 61. Bd7 Kd3 62. Bc8 e3 63. Ba6+ Ke4 64. Bb7+ Kd3 65. Ba6+ Ke4 66. Bb7+ Ke5 67. fxe3 Nc2+ 68.
Kd2 Nb4 69. Ke2 Nd5 70. Kf3 g4+ 71. Ke2 Nf6 72. Kf2 Ne4+ 73. Bxe4 fxe4 74. Ke2 Kd5 75. Kd2 Kc4 76. Kc2 Kb4 77. Kb2 Kc4 78. Kc2 Kb4 79.
Kb2 Kc4 80. Kc2 1/2-1/2

[Event "*** Titled Tuesday Blitz"]
[Site "Chess.com"]
[Date "2021.02.02"]
[Round "5"]
[White "MPGM"]
[Black "saraswathii"]
[Result "1-0"]
[WhiteElo "2591"]
[BlackElo "2416"]
[TimeControl "180+1"]
[EndTime "11:00:41 PST"]
[Termination "MPGM won by resignation"]

1. c4 g6 2. Nc3 Bg7 3. d4 Nf6 4. e4 d6 5. h3 O-O 6. Be3 Nfd7 7. Nf3 e5 8. d5 a6 9. Be2 Qe7 10. g4 f5 11. gxf5 gxf5 12. exf5 Rxf5 13. Bd3 Rf8 14.
Ng5 Nf6 15. Qc2 h6 16. Nge4 Nh5 17. O-O-O Nf4 18. Rdg1 Nd7 19. Rg3 Kh8 20. Rhg1 Rf7 21. Kb1 Nf8 22. c5 Bf5 23. Bxf4 exf4 24. Rf3 dxc5 25. Rxf4 b5 26. Nxc5 Qxc5 27. Rxf5 Rd7 28. d6 Qxd6 29. Rd5 Qe7 30. Rxd7 Qxd7 31. Bf5 Qf7 32.
Qe4 Re8 33. Qg4 Re5 34. Bc2 Rg5 35. Qd1 Rxg1 36. Qxg1 Bd4 37. Ne4 Nh7 38. Qg3 a5 39. a3 a4 40. Qd3 Qd5 41. Nd2 Nf6 42. Nf3 Bxf2 43. Qg6 Qxf3 44. Qxh6+ Kg8 45. Qg5+ Kf7 46.
Qxb5 Qh1+ 47. Ka2 Qd5+ 48. Qxd5+ Nxd5 49. Bxa4 Nf4 50. h4 Bxh4 51. b4 Be7 52. Kb3 Ke6 53. Kc4 Kd6 54. Bd1 Nd5 55. Bf3 Nb6+ 56. Kb5 Bf6 57. a4 Nc8 58. a5 Bd4 59. Ka6 Ke7 60. Kb7 Kd8 61. Bg4 Nd6+ 62. Kc6 Bc3 63. a6 Bd4 64. b5 Bb6 65. Bf3 Nc4 66. Bg4 Na5+ 67. Kd5 Nb3 68. Bf5 Nc5 69. Kc6 Nd3 70. Bh3 Nf4 71. Bg4 Ng6 72. Kb7 Ne7 73. a7 Nc8 74. a8=Q Ke7 75. Qxc8 Kf6 76. Qe6+ 1-0

[Event "*** Titled Tuesday Blitz"]
[Site "Chess.com"]
[Date "2021.02.02"]
[Round "5"]
[White "ChelsieMonica"]
[Black "Artyom_ChessMate"]
[Result "0-1"]
[WhiteElo "2393"]
[BlackElo "2557"]
[TimeControl "180+1"]
[EndTime "11:00:44 PST"]
[Termination "Artyom_ChessMate won by resignation"]

1. c4 e6 2. d4 d5 3. Nf3 Nf6 4.
cxd5 exd5 5. e3 c6 6. Be2 Bf5 7. O-O Bd6 8. Nc3 O-O 9. h3 h6 10. Bd3 Bxd3 11. Qxd3 Re8 12. b3 Nbd7 13. a4 Ne4 14. Ba3 Bc7 15. Nd2 Ndf6 16. Ncxe4 Nxe4 17. Nxe4 Rxe4 18. f3 Re6 19. f4 Re4 20. Rf3 Qf6 21.
Raf1 Rae8 22. b4 Bb6 23. Bc1 a5 24. b5 Qd6 25. bxc6 Qxc6 26. Qb3 Bc7 27. Bd2 b6 28. Rc1 Qd6 29. Qc2 R8e7 30. Qc6 Qd8 31. Rb1 R4e6 32. Qc2 Qd6 33. Rb5 g5 34. Qf5 Rf6 35. Qxd5 Qxd5 36.
Rxd5 gxf4 37. exf4 Re2 38. Be3 Ra2 39. Rd7 Bd6 40. f5 Rxa4 41. g4 Ra1+ 42. Kg2 Ra2+ 43. Kf1 Bf8 44. d5 Ra3 45. Ke2 a4 46. Rd8 Rd6 47. Rxd6 Bxd6 48. Bxb6 Rxf3 49. Kxf3 a3 50. Bd4 a2 51. f6 Kh7 52. Ke4 Kg6 53. Kd3 Kg5 54.
Kc2 Kh4 55. Kb3 Kxh3 56. Kxa2 Kxg4 57. Kb3 Kf5 58. Kc4 Ke4 59. Bc5 Be5 60. d6 Bxf6 61. d7 Bd8 62. Kb5 f5 63. Kc6 f4 64. Bb6 Be7 65.
Bc5 Bg5 66. Kd6 h5 67. Ke6 f3 68. Be7 Bxe7 69. Kxe7 f2 70. d8=Q f1=Q 71. Qa8+ Ke3 72. Qa7+ Ke2 73. Qa2+ Ke1 74. Qe6+ Qe2 75. Qxe2+ Kxe2 76. Kf6 h4 77. Kg5 h3 78. Kf4 h2 79. Kg3 h1=Q 0-1

[Event "*** Titled Tuesday Blitz"]
[Site "Chess.com"]
[Date "2021.02.02"]
[Round "5"]
[White "FlySooHigh"]
[Black "ChessLover0108"]
[Result "0-1"]
[WhiteElo "2604"]
[BlackElo "2850"]
[TimeControl "180+1"]
[EndTime "11:00:53 PST"]
[Termination "ChessLover0108 won on time"]

1. e4 c5 2. Nf3 d6 3. Nc3 Nf6 4. e5 dxe5 5. Nxe5 e6 6. Be2 Bd6 7. d4 Nbd7 8. Bf4 cxd4 9. Qxd4 Bxe5 10. Bxe5 Nxe5 11. Qxe5 O-O 12. O-O Qb6 13. Na4 Qb4 14. b3 Bd7 15. Nc5 Bc6 16. c4 Rad8 17. Rfd1 h6 18. h3 Qa5 19. Qe3 b6 20. Nd3 Ne4 21.
b4 Qf5 22. Bf3 Ba8 23. Nf4 Rc8 24. Rac1 Nf6 25. Bxa8 Rxa8 26. c5 bxc5 27. Rxc5 Qe4 28. Qxe4 Nxe4 29. Rc7 Nf6 30. a4 a6 31. Rdc1 Rab8 32. R1c4 Rfd8 33. Ra7 Rd1+ 34. Kh2 Rb1 35. Rcc7 R1xb4 36. Nd3 Rd4 37. Ne5 Rxa4 38. Rxf7 Ne8 39. Rfe7 Rc8 40. Kg3 Ra3+ 41. f3 a5 42. h4 Ra1 43. h5 a4 44. Ng6 a3 45. Rf7 Kh7 46. Rf8 Nd6 47. Rxc8 Nxc8 48. Rf7 Rh1 49. Rf8 Rxh5 50. Nf4 Rg5+ 51. Kf2 Nd6 52. Ra8 e5 53. Nd3 e4 54. fxe4 Nxe4+ 55. Ke3 Nf6 56. Nf4 Rg3+ 57.
Kf2 Rb3 58. Ne6 Ne4+ 59. Ke2 Kg6 60. Ra7 a2 61. Nxg7 Nc3+ 62. Kd3 Rb1 63. Kxc3 a1=Q+ 64. Rxa1 Rxa1 65. Ne6 Rf1 66. Kd3 Kf5 67. Nd4+ Kg4 68. Ke3 Kg3 69. Ne2+ Kxg2 70. Nf4+ Kg3 71. Ne2+ Kg4 72.
Nc3 h5 73. Ne4 Re1+ 74. Kd3 Rxe4 75. Kxe4 Kg3 76. Ke3 h4 77. Ke2 Kg2 0-1

[Event "*** Titled Tuesday Blitz"]
[Site "Chess.com"]
[Date "2021.02.02"]
[Round "5"]
[White "Snowflake"]
[Black "AlexSuv"]
[Result "0-1"]
[WhiteElo "2334"]
[BlackElo "2473"]
[TimeControl "180+1"]
[EndTime "11:00:54 PST"]
[Termination "AlexSuv won by checkmate"]

1. e4 c5 2. Nc3 e6 3. f4 d5 4. Nf3 d4 5. Ne2 Nf6 6. d3 Be7 7. g3 b6 8. Bg2 Bb7 9. O-O Nbd7 10. b3 O-O 11. h3 Ne8 12. g4 f5 13. Ng3 fxe4 14.
Nxe4 Nd6 15. Nfd2 Nxe4 16. Nxe4 Qc7 17. Qe2 Rae8 18. Bd2 Bd5 19. Rae1 Qc6 20. a4 a6 21. Ng3 Bd6 22. Bxd5 Qxd5 23. Qe4 Nf6 24. Qxd5 Nxd5 25. Re4 g6 26. a5 b5 27. Kg2 Kg7 28. Rf2 Bc7 29. Rf1 b4 30. Rf2 Bxa5 31. Rfe2 Kf7 32.
f5 exf5 33. gxf5 Bc7 34. fxg6+ hxg6 35. Rxe8 Rxe8 36. Rf2+ Kg7 37. Ne4 Bb6 38. h4 a5 39.
Bg5 Re6 40. Kh3 Rc6 41. Kg4 Bc7 42. Rf3 Nc3 43. Bf6+ Kg8 44. Ng5 Nd5 45. Ne4 Re6 46. Bg5 Bb6 47. h5 gxh5+ 48. Kxh5 Nc3 49. Ng3 Ne2 50.
Nf5 Bc7 51. Ne7+ Kh8 52. Rf8+ Kg7 53. Rg8+ Kf7 54. Rc8 Bd6 55. Nf5 Be5 56. Rd8 Ng3+ 57.
Nxg3 Bxg3 58. Rd7+ Ke8 59. Ra7 Bd6 60. Ra6 Kd7 61.
Ra7+ Kc6 62. Rxa5 Kb6 63. Ra1 Re2 64. Rc1 Kc6 65. Kg4 Be5 66. Kf3 Rh2 67. Ke4 Bd6 68. Bf6 Rh4+ 69. Kf5 Rh2 70. Ke6 Re2+ 71. Kf7 Bf4 72.
Ra1 Rxc2 73. Ra8 Kb5 74. Rb8+ Kc6 75. Ke6 Bxb8 76. Bg5 Rc3 77. Bd2 Rxb3 78. Bxb4 Rxd3 79. Bxc5 Kxc5 80. Kd7 Rc3 81. Kc8 d3 82. Kb7 d2 83.
Ka8 d1=Q 84. Kb7 Qb3+ 85. Ka8 Bc7 86. Ka7 Qb8+ 87. Ka6 Qb6# 0-1

[Event "*** Titled Tuesday Blitz"]
[Site "Chess.com"]
[Date "2021.02.02"]
[Round "5"]
[White "manitodeplomo"]
[Black "PelinGorki"]
[Result "1/2-1/2"]
[WhiteElo "2639"]
[BlackElo "2460"]
[TimeControl "180+1"]
[EndTime "11:00:55 PST"]
[Termination "Game drawn by repetition"]

1. Nc3 d6 2. d4 Nf6 3. e4 c6 4. f4 Qa5 5. Bd3 e5 6. Nf3 exd4 7. Nxd4 Qb6 8. Nb3 a5 9. a4 g6 10. Qf3 Bg7 11. Be3 Qc7 12. h3 O-O 13. O-O Na6 14. Rad1 Nb4 15. Rfe1 Nxd3 16. Rxd3 Be6 17. Nd4 Bc4 18.
Rd2 Rad8 19. b3 Ba6 20. Red1 Rfe8 21. g4 b6 22. Bf2 Bb7 23. Bh4 Rb8 24. Nde2 d5 25. e5 Nd7 26. Nd4 Nc5 27. Bg3 Rbd8 28.
Kh2 Ba6 29. Re1 Bb7 30. Ree2 Nd7 31. e6 Nf8 32. f5 Qe7 33. Qf2 Bxd4 34. Qxd4 fxe6 35.
Qxb6 Qg7 36. Be5 Qd7 37. Qxa5 exf5 38. gxf5 Qxf5 39. Bg3 d4 40. Qxf5 gxf5 41. Rxe8 Rxe8 42. Rxd4 Re3 43. Rd3 Re6 44. Rd2 Ng6 45. Ne2 Re3 46. a5 c5 47. Bf2 Rf3 48. Ng1 Rc3 49. Re2 Nf4 50. Rd2 Be4 51. Bg3 Nd5 52. a6 Nb4 53.
Ne2 Rxc2 54. Rxc2 Nxc2 55. a7 Nb4 56. Nc3 Bb7 57. Nb5 Nc6 58. Nd6 Ba8 59. Nxf5 Nxa7 60. Bd6 Nc6 61. Bxc5 Na5 62. Nd4 Bd5 63. b4 Nc6 64. Nxc6 Bxc6 65. Kg3 Kf7 66. Kf4 Ke6 67. Kg5 Kd5 68. Kh6 Bd7 69. h4 Bf5 70. Bf8 Kc4 71.
Bc5 Kb5 72. Bf8 Bb1 73. Be7 Bc2 74. Kg5 Bb1 75. h5 Bc2 76. Bd6 Bb1 77. Bc5 Bc2 78. Kh6 Bb1 79. Kg5 Bc2 80. h6 Bb1 81. Kf6 Bg6 82. Ke5 Bb1 83. Kd4 Bg6 84. Kc3 Bf5 85.
Kb3 Bg6 86. Kc3 Bf5 87. Kd4 Bg6 88. Ke5 Bb1 89. Kf6 Bg6 90. Kg5 Bb1 91. Kf4 Bg6 92.
Ke3 Bb1 93. Kf2 Bg6 94. Kg3 Bf5 95. Kh4 Bg6 96. Kg5 Bb1 1/2-1/2

[Event "*** Titled Tuesday Blitz"]
[Site "Chess.com"]
[Date "2021.02.02"]
[Round "5"]
[White "mbojan"]
[Black "awesomevishesh"]
[Result "0-1"]
[WhiteElo "2650"]
[BlackElo "2504"]
[TimeControl "180+1"]
[EndTime "11:00:58 PST"]
[Termination "awesomevishesh won by resignation"]

1. Nf3 Nf6 2. g3 g6 3. Bg2 Bg7 4. O-O O-O 5. b3 d6 6. Bb2 e5 7. d3 Re8 8. c4 Nc6 9. Nbd2 e4 10. dxe4 Nxe4 11. Bxg7 Kxg7 12. Nxe4 Rxe4 13. Qd2 Re8 14. Rfe1 Qf6 15. Rad1 a5 16. Ng5 Bf5 17. Nh3 a4 18. Nf4 axb3 19. axb3 Be6 20. Bd5 Ra3 21. Rb1 Rea8 22.
Qe3 Bd7 23. Bg2 Be6 24. Nd5 Bxd5 25. cxd5 Ne5 26. h3 Nd7 27. Qd2 Ra2 28. Qc1 Qd8 29. b4 Nf6 30. Qc3 Qd7 31. Ra1 Rxa1 32. Rxa1 Rxa1+ 33. Qxa1 Qb5 34. g4 h6 35. h4 g5 36.
hxg5 hxg5 37. Qc1 Kg6 38. Qc2+ Kg7 39. Qd2 Nh7 40. Qd4+ f6 41. Qe4 Qd7 42. Bf3 Nf8 43. Kg2 Ng6 44. e3 Ne5 45. Qd4 Qb5 46. Bd1 Qd7 47.
Bf3 Qb5 48. Qe4 Qd3 49. Qxd3 Nxd3 50. b5 Nc1 51. Bd1 Na2 52. Be2 Nc3 53. Bc4 Ne4 54. Bd3 Nc5 55. Bc4 Kg6 56. Kf3 f5 57. gxf5+ Kxf5 58. Ke2 g4 59. Kd2 Ke5 60. Ke2 Ne4 61. Ke1 Nf6 62.
b6 cxb6 63. Bf1 Nxd5 64. Bg2 b5 65. Kd2 b4 66. Kd3 b5 67. Kc2 Nc3 68. Bf1 Ne4 69. Be2 Nxf2 70. Kb3 Ke4 71. Kxb4 Kxe3 72. Bf1 d5 73.
Kxb5 d4 74. Kc4 d3 75. Kc3 d2 0-1

[Event "*** Titled Tuesday Blitz"]
[Site "Chess.com"]
[Date "2021.02.02"]
[Round "5"]
[White "Andrakhanova"]
[Black "woodhy"]
[Result "1-0"]
[WhiteElo "2289"]
[BlackElo "2466"]
[TimeControl "180+1"]
[EndTime "11:00:59 PST"]
[Termination "Andrakhanova won by checkmate"]

1. c4 b6 2. Nc3 Bb7 3. Nf3 Nf6 4. d3 d6 5. g3 e5 6. Bg2 Be7 7. O-O Nbd7 8. b3 O-O 9. Bb2 Re8 10. Qc2 Nc5 11. d4 exd4 12. Nxd4 Bxg2 13. Kxg2 Bf8 14.
e3 Qd7 15. h3 g6 16. Rad1 Bg7 17.
Rfe1 h5 18. h4 Re7 19. Nd5 Nxd5 20. cxd5 a5 21. Nc6 Ree8 22. Bxg7 Kxg7 23. Qc3+ Kg8 24. Rd4 Ne4 25. Qc2 Qf5 26. Rc1 Qg4 27. Qd1 Qxd1 28. Rdxd1 Nc5 29. Rc4 Kg7 30. Rd2 f6 31. Nd4 Kf7 32.
Rdc2 Re7 33. a3 Rae8 34. b4 axb4 35. axb4 Nd3 36. R2c3 Ne5 37. Rxc7 Ra8 38. Nb5 Ra4 39.
Nxd6+ Kf8 40. b5 Rb4 41. Rc8+ Kg7 42. R3c7 Rxc7 43. Rxc7+ Kh6 44. Nf7+ Nxf7 45. Rxf7 Rxb5 46. e4 Rb4 47. Kf3 b5 48. d6 Rb3+ 49. Kg2 b4 50. Rxf6 Rd3 51. e5 b3 52. Rf4 Rd5 53. Re4 b2 54.
Rb4 Rxe5 55. Rxb2 Rd5 56. Rb6 Kg7 57. Rb7+ Kf6 58. d7 Ke7 59. f4 Kd8 60. Kf3 Rd3+ 61. Kf2 Ke7 62. Rb6 Kf7 63. Rb7 Ke7 64. Kg2 Rd2+ 65.
Kh3 Rd3 66. Rb6 Kf7 67. Rb7 Ke7 68. Ra7 Rd2 69. g4 Rd3+ 70. Kg2 hxg4 71. f5 gxf5 72.
h5 f4 73. h6 Rd2+ 74. Kf1 g3 75. h7 f3 76. d8=Q+ Ke6 77. Qxd2 g2+ 78. Kg1 Kf5 79. Qe3 Kg4 80. Rg7+ Kf5 81. Qxf3+ Ke6 82. h8=Q Ke5 83. Qe8+ Kd6 84. Qd3+ Kc5 85. Qc8+ Kb6 86. Rb7+ Ka5 87. Qa8# 1-0